General information
- name: BNet
- type: Ladder team game (AT/RT)
- host: Battle.net
- saver: ReignIForever
map: GolemsInTheMist
- players: 8
- length: 18:24
- speed: Fast
- version: 1.26 W3XP
- replay type: Public
» download(140 KB)
Players
team 1 (loser)

»
lok0_0 (
purple | 87 APM | 1591 actions | 18:18)
3 Warden
2 Shadow Strike
1 Blink
4 Priestess of the Moon
3 Trueshot Aura
1 Scout
» actions
| Assign group hotkey | 8 | |
| Basic commands | 16 | |
| Build / train | 58 | |
| Enter build submenu | 23 | |
| Enter hero's abilities submenu | 12 | |
| Remove unit from queue | 1 | |
| Right click | 550 | |
| Select / deselect | 361 | |
| Select group hotkey | 507 | |
| Use ability | 55 | |
1591 total
» units
| Wisp | 29 | |
| Archer | 4 | |
| Hippogryph | 3 | |
| Chimaera | 3 | |
39 total
» upgrades
| Strength of the Wild | 2 | |
| Reinforced Hides | 1 | |
| Corrosive Breath | 1 | |
| Ultravision | 1 | |
5 total
» buildings
| Ancient of War | 1 | |
| Moon Well | 8 | |
| Altar of Elders | 1 | |
| Tree of Ages | 1 | |
| Hunter's Hall | 1 | |
| Tree of Life | 3 | |
| Tree of Eternity | 1 | |
| Ancient of Wind | 2 | |
| Chimaera Roost | 3 | |
21 total
» build order
00:26 Ancient of War
00:37 Moon Well
00:54 Altar of Elders
01:20 Moon Well
03:55 Moon Well
03:58 Moon Well
04:22 Tree of Ages
04:28 Hunter's Hall
05:59 Tree of Life
06:46 Tree of Eternity
06:53 Ancient of Wind
07:03 Ancient of Wind
09:17 Moon Well
09:19 Moon Well
09:22 Moon Well
10:03 Chimaera Roost
10:15 Chimaera Roost
10:19 Chimaera Roost
12:16 Tree of Life
14:18 Moon Well
17:33 Tree of Life
» items
Green_Slimegirl (
yellow | 42 APM | 770 actions | 18:18)
3 Paladin
1 Holy Light
1 Devotion Aura
1 Divine Shield
» actions
| Basic commands | 14 | |
| Build / train | 43 | |
| ESC pressed | 2 | |
| Enter build submenu | 22 | |
| Enter hero's abilities submenu | 3 | |
| Remove unit from queue | 1 | |
| Right click | 434 | |
| Select / deselect | 216 | |
| Use ability | 34 | |
770 total
» units
| Peasant | 15 | |
| Footman | 6 | |
| Flying Machine | 2 | |
| Mortar Team | 2 | |
| Gryphon Rider | 5 | |
30 total
» upgrades
| Defend | 1 | |
| Swords | 1 | |
| Storm Hammers | 1 | |
3 total
» buildings
| Altar of Kings | 1 | |
| Farm | 10 | |
| Barracks | 1 | |
| Keep | 2 | |
| Blacksmith | 1 | |
| Lumber Mill | 1 | |
| Town Hall | 4 | |
| Workshop | 1 | |
| Gryphon Aviary | 2 | |
| Castle | 1 | |
24 total
» build order
00:32 Altar of Kings
00:36 Farm
01:07 Barracks
01:10 Farm
03:10 Farm
03:13 Farm
03:16 Keep
03:16 Keep
03:56 Farm
05:02 Blacksmith
05:05 Lumber Mill
06:34 Town Hall
06:47 Workshop
07:07 Gryphon Aviary
07:11 Gryphon Aviary
08:14 Town Hall
09:04 Farm
09:29 Castle
10:21 Farm
11:09 Farm
11:43 Farm
11:44 Farm
13:25 Town Hall
15:13 Town Hall
Luigyteviola (
green | 40 APM | 726 actions | 18:15)
3 Keeper of the Grove
1 Force of Nature
2 Entangling Roots
» actions
| Assign group hotkey | 6 | |
| Basic commands | 2 | |
| Build / train | 47 | |
| Enter build submenu | 27 | |
| Enter hero's abilities submenu | 3 | |
| Right click | 323 | |
| Select / deselect | 259 | |
| Select group hotkey | 14 | |
| Use ability | 45 | |
726 total
» units
» upgrades
| Strength of the Wild | 3 | |
| Reinforced Hides | 2 | |
| Abolish Magic | 1 | |
6 total
» buildings
| Altar of Elders | 1 | |
| Moon Well | 10 | |
| Hunter's Hall | 1 | |
| Tree of Ages | 1 | |
| Tree of Life | 3 | |
| Ancient of Lore | 3 | |
| Ancient Protector | 4 | |
| Tree of Eternity | 1 | |
| Ancient of Wind | 1 | |
| Ancient of Wonders | 1 | |
26 total
» build order
00:12 Altar of Elders
00:31 Moon Well
01:38 Moon Well
02:04 Moon Well
02:11 Hunter's Hall
02:44 Moon Well
03:13 Tree of Ages
03:59 Moon Well
04:37 Tree of Life
04:43 Tree of Life
05:59 Ancient of Lore
06:03 Ancient of Lore
06:06 Ancient of Lore
07:01 Ancient Protector
09:55 Moon Well
10:12 Tree of Eternity
10:30 Moon Well
10:36 Moon Well
11:06 Moon Well
11:47 Moon Well
12:05 Ancient Protector
12:08 Ancient Protector
12:20 Ancient Protector
14:20 Ancient of Wind
15:23 Tree of Life
16:16 Ancient of Wonders
Dark_Monkey_316 (
blue | 29 APM | 526 actions | 18:22)
5 Blademaster
1 Wind Walk
3 Critical Strike
1 Mirror Image
» actions
| Assign group hotkey | 51 | |
| Build / train | 42 | |
| Enter build submenu | 25 | |
| Enter hero's abilities submenu | 5 | |
| Give item / drop item | 1 | |
| Right click | 138 | |
| Select / deselect | 91 | |
| Select group hotkey | 133 | |
| Use ability | 40 | |
526 total
» units
» upgrades
| Spiked Barricades | 3 | |
| Ranged Weapons | 2 | |
| Armor | 3 | |
| Reinforced Defenses | 1 | |
9 total
» buildings
| Altar of Storms | 1 | |
| War Mill | 2 | |
| Orc Burrow | 9 | |
| Voodoo Lounge | 1 | |
| Stronghold | 1 | |
| Beastiary | 3 | |
| Fortress | 1 | |
| Great Hall | 1 | |
| Watch Tower | 8 | |
27 total
» build order
00:05 Altar of Storms
00:30 War Mill
01:21 Orc Burrow
01:56 Orc Burrow
02:20 Voodoo Lounge
03:45 Orc Burrow
04:01 Stronghold
05:04 Orc Burrow
06:07 Orc Burrow
06:58 Beastiary
06:59 Beastiary
07:03 Beastiary
07:07 Orc Burrow
08:07 War Mill
10:35 Orc Burrow
11:46 Orc Burrow
11:48 Fortress
12:33 Great Hall
13:06 Orc Burrow
13:45 Watch Tower
13:48 Watch Tower
13:51 Watch Tower
13:54 Watch Tower
14:56 Watch Tower
15:01 Watch Tower
15:05 Watch Tower
15:09 Watch Tower
» items
| Healing Salve | 1 | |
| Orb of Lightning | 1 | |
2 total
team 2 (winner)

»
yu.hong (
pink | 107 APM | 1969 actions | 18:22)
6 Blademaster
3 Wind Walk
2 Critical Strike
1 Bladestorm
5 Shadow Hunter
2 Hex
3 Healing Wave
» actions
| Assign group hotkey | 19 | |
| Basic commands | 2 | |
| Build / train | 81 | |
| Enter build submenu | 19 | |
| Enter hero's abilities submenu | 10 | |
| Right click | 1242 | |
| Select / deselect | 478 | |
| Select group hotkey | 28 | |
| Use ability | 90 | |
1969 total
» units
| Peon | 17 | |
| Grunt | 4 | |
| Tauren | 9 | |
| Shaman | 7 | |
| Troll Witch Doctor | 3 | |
40 total
» upgrades
| Berserker Strength | 1 | |
| Shaman Training | 2 | |
| Pulverize | 1 | |
| Witch Doctor Training | 2 | |
| Reinforced Defenses | 1 | |
| Armor | 2 | |
| Melee Weapons | 1 | |
10 total
» buildings
| Altar of Storms | 1 | |
| Orc Burrow | 9 | |
| Barracks | 1 | |
| Voodoo Lounge | 1 | |
| Stronghold | 3 | |
| Great Hall | 1 | |
| Fortress | 2 | |
| Spirit Lodge | 2 | |
| War Mill | 1 | |
| Tauren Totem | 2 | |
23 total
» build order
00:09 Altar of Storms
00:15 Orc Burrow
00:40 Barracks
01:39 Orc Burrow
01:47 Voodoo Lounge
02:54 Stronghold
02:54 Stronghold
03:32 Orc Burrow
05:11 Great Hall
06:13 Fortress
06:40 Spirit Lodge
07:01 War Mill
07:23 Orc Burrow
08:32 Spirit Lodge
08:38 Tauren Totem
08:40 Tauren Totem
11:00 Orc Burrow
11:58 Orc Burrow
12:02 Orc Burrow
12:35 Orc Burrow
14:16 Orc Burrow
» items
| Healing Salve | 2 | |
| Lesser Clarity Potion | 3 | |
| Orb of Lightning | 1 | |
| Scroll of Town Portal | 2 | |
8 total
ReignIForever (
red | 95 APM | 1754 actions | 18:24)
5 Blood Mage
3 Flame Strike
2 Siphon Mana
» actions
| Assign group hotkey | 37 | |
| Basic commands | 77 | |
| Build / train | 144 | |
| ESC pressed | 3 | |
| Enter build submenu | 40 | |
| Enter hero's abilities submenu | 5 | |
| Give item / drop item | 1 | |
| Right click | 592 | |
| Select / deselect | 288 | |
| Select group hotkey | 465 | |
| Use ability | 102 | |
1754 total
» units
| Peasant | 23 | |
| Footman | 12 | |
| Goblin Shredder | 5 | |
| Sorceress | 2 | |
| Flying Machine | 8 | |
50 total
» upgrades
| Defend | 1 | |
| Masonry | 3 | |
| Swords | 1 | |
| Lumber Harvesting | 2 | |
| Gunpowder | 3 | |
| Armor | 2 | |
| Magic Sentry | 2 | |
| Sorceress Training | 2 | |
| Animal War Training | 1 | |
| Plating | 3 | |
| Flying Machine Bombs | 1 | |
| Flak Cannons | 1 | |
| Fragmentation Shards | 1 | |
| Barrage | 1 | |
| Backpack | 1 | |
| Long Rifles | 1 | |
| Flare | 1 | |
27 total
» buildings
| Altar of Kings | 1 | |
| Barracks | 2 | |
| Farm | 10 | |
| Arcane Vault | 1 | |
| Town Hall | 1 | |
| Keep | 2 | |
| Lumber Mill | 1 | |
| Blacksmith | 1 | |
| Scout Tower | 12 | |
| Arcane Tower | 4 | |
| Guard Tower | 18 | |
| Castle | 3 | |
| Arcane Sanctum | 1 | |
| Workshop | 4 | |
61 total
» build order
00:09 Altar of Kings
00:13 Barracks
00:17 Farm
00:56 Farm
01:32 Farm
01:56 Arcane Vault
03:29 Town Hall
05:31 Farm
05:34 Keep
05:38 Lumber Mill
06:38 Blacksmith
07:09 Scout Tower
07:11 Scout Tower
07:16 Scout Tower
07:38 Arcane Tower
07:38 Arcane Tower
07:38 Arcane Tower
07:39 Guard Tower
07:40 Guard Tower
07:55 Castle
07:56 Castle
08:48 Arcane Sanctum
09:06 Workshop
09:09 Workshop
09:32 Workshop
09:42 Workshop
09:49 Barracks
10:50 Guard Tower
10:50 Guard Tower
10:50 Guard Tower
10:57 Scout Tower
10:59 Scout Tower
11:04 Scout Tower
11:06 Scout Tower
11:27 Farm
11:29 Farm
11:30 Farm
11:31 Farm
11:34 Farm
11:37 Farm
11:53 Guard Tower
12:09 Guard Tower
12:10 Guard Tower
12:18 Scout Tower
12:20 Scout Tower
12:30 Scout Tower
12:31 Scout Tower
12:53 Guard Tower
12:53 Guard Tower
12:54 Guard Tower
13:00 Scout Tower
13:32 Guard Tower
13:32 Guard Tower
15:41 Guard Tower
15:41 Guard Tower
» items
| Scroll of Regeneration | 2 | |
| Scroll of Town Portal | 2 | |
| Orb of Fire | 1 | |
| Staff of Sanctuary | 1 | |
| Ivory Tower | 3 | |
| Potion of Healing | 2 | |
| Potion of Mana | 1 | |
| Lesser Clarity Potion | 1 | |
13 total
Dnadj (
orange | 48 APM | 878 actions | 18:22)
5 Demon Hunter
2 Immolation
2 Mana Burn
1 Metamorphosis
» actions
| Build / train | 63 | |
| Enter build submenu | 27 | |
| Enter hero's abilities submenu | 5 | |
| Remove unit from queue | 2 | |
| Right click | 463 | |
| Select / deselect | 270 | |
| Use ability | 48 | |
878 total
» units
| Wisp | 14 | |
| Archer | 11 | |
| Goblin Shredder | 1 | |
| Huntress | 5 | |
| Hippogryph | 6 | |
| Chimaera | 2 | |
| Faerie Dragon | 7 | |
46 total
» upgrades
| Improved Bows | 1 | |
| Strength of the Wild | 1 | |
| Reinforced Hides | 1 | |
| Ultravision | 1 | |
| Hippogryph Taming | 1 | |
| Corrosive Breath | 1 | |
6 total
» buildings
| Altar of Elders | 1 | |
| Moon Well | 10 | |
| Ancient of War | 2 | |
| Tree of Ages | 1 | |
| Hunter's Hall | 1 | |
| Ancient of Wonders | 2 | |
| Ancient of Wind | 3 | |
| Tree of Eternity | 1 | |
| Chimaera Roost | 2 | |
23 total
» build order
00:22 Altar of Elders
00:27 Moon Well
00:29 Ancient of War
00:31 Moon Well
01:29 Moon Well
01:58 Ancient of War
03:37 Tree of Ages
03:40 Moon Well
03:47 Moon Well
04:33 Hunter's Hall
04:58 Ancient of Wonders
05:40 Ancient of Wonders
06:12 Ancient of Wind
08:28 Tree of Eternity
08:33 Ancient of Wind
08:34 Ancient of Wind
08:49 Moon Well
09:18 Moon Well
11:51 Chimaera Roost
11:51 Chimaera Roost
12:30 Moon Well
12:32 Moon Well
12:34 Moon Well
conmaster (
teal | 35 APM | 638 actions | 18:22)
3 Blood Mage
2 Flame Strike
1 Siphon Mana
» actions
| Basic commands | 47 | |
| Build / train | 97 | |
| ESC pressed | 3 | |
| Enter build submenu | 22 | |
| Enter hero's abilities submenu | 3 | |
| Give item / drop item | 1 | |
| Right click | 151 | |
| Select / deselect | 262 | |
| Use ability | 52 | |
638 total
» units
| Peasant | 7 | |
| Footman | 15 | |
| Goblin Shredder | 1 | |
| Goblin Zeppelin | 1 | |
| Rifleman | 15 | |
| Flying Machine | 22 | |
61 total
» upgrades
| Masonry | 3 | |
| Lumber Harvesting | 2 | |
| Swords | 1 | |
| Plating | 2 | |
| Long Rifles | 1 | |
| Gunpowder | 2 | |
| Armor | 2 | |
| Flak Cannons | 1 | |
| Flying Machine Bombs | 1 | |
15 total
» buildings
| Altar of Kings | 1 | |
| Farm | 12 | |
| Barracks | 2 | |
| Lumber Mill | 1 | |
| Arcane Vault | 1 | |
| Town Hall | 1 | |
| Keep | 1 | |
| Blacksmith | 1 | |
| Castle | 1 | |
| Workshop | 1 | |
| Scout Tower | 1 | |
| Guard Tower | 1 | |
24 total
» build order
00:18 Altar of Kings
00:27 Farm
01:09 Barracks
01:27 Farm
01:34 Lumber Mill
02:09 Barracks
02:21 Farm
03:10 Farm
04:20 Arcane Vault
04:37 Town Hall
05:05 Farm
06:32 Farm
06:35 Keep
07:34 Farm
08:05 Blacksmith
08:56 Castle
09:05 Farm
10:13 Farm
11:29 Farm
11:53 Workshop
12:11 Farm
12:55 Farm
13:14 Scout Tower
13:48 Guard Tower
» items
| Scroll of Regeneration | 3 | |
| Lesser Clarity Potion | 4 | |
| Potion of Healing | 3 | |
| Scroll of Town Portal | 2 | |
| Orb of Fire | 1 | |
| Potion of Mana | 1 | |
14 total
Chat log
(00:07 / Allies) Dnadj: Hi All i Got Mass Chims And Hippos and Hero Demon Hunt
(03:17 / Allies) ReignIForever: it's mine bro
(05:48 / Allies) yu.hong: gogogo
(06:23 / Allies) ReignIForever: drop a ward to heal?
(06:34 / Allies) ReignIForever: ty
(07:27 / Allies) ReignIForever: they teching
(09:28 / Allies) ReignIForever: gj putting on pressure
(10:29 / Allies) conmaster: air blue
(10:37 / Allies) Dnadj: good
(10:48 / Allies) Dnadj: gold pls
(12:10 / Allies) Dnadj: ty teal
(12:18 / Allies) conmaster: more air
(12:22 / Allies) conmaster: np
(13:01 / Allies) Dnadj: back
(13:27 / Allies) ReignIForever: they massing air mostly
(14:01 / Allies) conmaster: met
(14:11 / Allies) conmaster: meet
(14:55 / Allies) Dnadj: b
(15:38 / Allies) Dnadj: gold pls
(16:55 / Allies) ReignIForever: all those farms
(16:57 / Allies) ReignIForever: from flame strike
(17:01 / All) ReignIForever: Welcome to food block hell
(17:08 / All) ReignIForever: or maybe not you don't have much
(18:21 / All) ReignIForever: lol